 Dungeon Crawl Stone Soup version 0.18-a0-750-g37044d6 (webtiles) character file.

3649 4thArraOfDagon the Unseen (level 9, -5/40 HPs)
             Began as a Felid Fighter on Dec 11, 2015.
             Was an Elder of Dithmenos.
             Slain by a giant leech (22 damage)
             ... on level 5 of the Lair of Beasts.
             The game lasted 00:26:00 (4133 turns).

4thArraOfDagon the Unseen (Felid Fighter)           Turns: 4133, Time: 00:26:00

Health: -5/40      AC:  2    Str: 12    XL:     9   Next: 88%
Magic:  13/13      EV: 34    Int: 12    God:    Dithmenos [****..]
Gold:   627        SH:  0    Dex: 22    Spells: 0 memorised, 8 levels left
                                        Lives:  0   Deaths: 3

rFire  . . .     SeeInvis +       - Unarmed
rCold  + . .     Clarity  .     (armour unavailable)
rNeg   . . .     SustAt   .     (shield unavailable)
rPois  .         Gourm    .     (helmet unavailable)
rElec  .         Spirit   .     (cloak unavailable)
rCorr  .         Dismiss  .     (gloves unavailable)
rMut   .         Rnd*Tele +     (boots unavailable)
MR     +....                    (no amulet)
Stlth  ++++++++++               y - ring of teleportation
                                g - ring of protection from cold

@: agile, very slightly contaminated, wreathed by umbra, quick, somewhat
resistant to hostile enchantments, uncannily stealthy
A: no armour, no weapons or thrown items, claws 1, fangs 3, see invisible,
carnivore 3, speed 1, shaggy fur 2, slow metabolism 1, sharp paws
a: Shadow Step, Renounce Religion, Evoke Teleportation


You were on level 5 of the Lair of Beasts.
You worshipped Dithmenos.
Dithmenos was greatly pleased with you.
You were not hungry.

You visited 2 branches of the dungeon, and saw 15 of its levels.
You also visited: Labyrinth.

You collected 627 gold pieces.

Inventory:

Jewellery
 g - a ring of protection from cold (left paw)
 v - an uncursed ring of sustain attributes
 y - a ring of teleportation (right paw)
Wands
 k - a wand of slowing (11)
 A - a wand of confusion (1)
 B - a wand of draining (1)
 C - a wand of frost (22)
 E - a wand of enslavement (0)
 F - a wand of disintegration (7)
 G - a wand of draining (8)
 H - a wand of random effects (15)
Scrolls
 c - 3 scrolls of teleportation {unknown}
 d - 3 scrolls of magic mapping
 e - 4 scrolls of enchant weapon {unknown}
 f - 4 scrolls of random uselessness {unknown}
 j - 2 scrolls of enchant armour {unknown}
 l - 2 scrolls of recharging
 q - a scroll of remove curse
 u - a scroll of vulnerability {unknown}
 x - a scroll of holy word
Potions
 a - a potion of berserk rage {unknown}
 i - a potion of heal wounds {unknown}
 m - 2 potions of ambrosia {unknown}
 r - 2 potions of haste
 s - a potion of magic {unknown}
 J - a potion of degeneration {unknown}
Books
 o - a book of the Sky

   Spells                             Type                      Level
   a - Summon Lightning Spire         Summoning/Air                4
   b - Airstrike                      Air                          4
   c - Silence                        Hexes/Air                    5
   d - Deflect Missiles               Charms/Air                   6
   e - Conjure Ball Lightning         Conjuration/Air              6
   f - Tornado                        Air                          9
 w - a book of Beasts

   Spells                             Type                      Level
   a - Summon Butterflies             Summoning                    1
   b - Call Canine Familiar           Summoning                    3
   c - Summon Ice Beast               Ice/Summoning                4
   d - Summon Mana Viper              Hexes/Summoning              5
   e - Summon Hydra                   Summoning                    7
 z - a book of Alchemy

   Spells                             Type                      Level
   a - Sublimation of Blood           Necromancy                   2
   b - Ignite Poison                  Fire/Transmutation/Poison    3
   c - Alistair's Intoxication        Transmutation/Poison         4
   d - Condensation Shield            Ice                          4
   e - Petrify                        Transmutation/Earth          4
   f - Irradiate                      Conjuration/Transmutation    5
 D - a book of Unlife

   Spells                             Type                      Level
   a - Recall                         Summoning/Translocation      3
   b - Animate Dead                   Necromancy                   4
   c - Control Undead                 Necromancy                   4
   d - Cigotuvi's Embrace             Necromancy                   5
   e - Death Channel                  Necromancy                   6
   f - Simulacrum                     Ice/Necromancy               6
Comestibles
 b - 7 meat rations
 h - a beef jerky
 p - a slice of pizza


   Skills:
 - Level 5.5 Fighting
 + Level 10.2 Dodging
 * Level 15.2 Stealth
 + Level 9.6 Unarmed Combat
 - Level 4.4 Invocations


You had 8 spell levels left.
You didn't know any spells.

Dungeon Overview and Level Annotations

Branches:
Dungeon (10/15)            Temple (0/1) D:6            Lair (5/8) D:9
 Spider (0/4) Lair:5
  Swamp: Lair:3-6    Shoals: Lair:3-6       Orc: D:9-12

Altars:
Dithmenos
Vehumet
Yredelemnul

Annotations:
D:8 Pikel
Lair:3 cireshan's ghost, journeyman DECj


Innate Abilities, Weirdness & Mutations

You cannot wear armour.
You are incapable of wielding weapons or throwing items.
You have sharp claws.
You have razor-sharp teeth.
You have supernaturally acute eyesight.
You are carnivorous and can eat meat at any time.
You cover ground quickly.
You are covered in thick fur (AC +2).
You have a slow metabolism.
Your sharp claws are effective at attacking unaware monsters.


Message History

The river rat completely misses you.
You barely miss the river rat. Your bite misses the river rat.
The river rat is lightly wounded.
The jumping spider leaps!
Put on which piece of jewellery? (? for menu, Esc to quit)
You're wearing all the rings you can.
Remove which one? (? for menu, Esc to cancel) < or
g - a ring of protection from cold; > or
v - a ring of sustain attributes You remove your ring of sustain attributes.
You feel slightly jumpy.
y - a ring of teleportation (right paw) Evoke which item? (* to show all) (? for menu, Esc to quit)
Zapping:
E - a wand of enslavement {zapped: 10} (will waste charges)
Press: ? - help, Shift-Dir - straight line, f - giant leech
Aim: a giant leech (umbra, chance to defeat MR: 28%)
The giant leech easily resists.
Evoking this partially-identified wand wasted a few charges.
The giant leech bites you!!
Ouch! That really hurt!
You die...

### #@## ##
##w# ##.#
##†####...##
##rFr..w.....
#....F...P...
#..F.r...##..
# #....F...#
# ##.......♣
# #.......♣♣
....


You could see a giant leech.

Vanquished Creatures
  A catoblepas (Lair:5)
  3 black mambas
  3 spiny frogs
  A giant leech (Lair:5)
  A jumping spider (Lair:5)
  4 blink frogs
  7 yaks
  2 hippogriffs
  4 hungry ghosts (Lab)
  3 porcupines
  7 water moccasins
  A sky beast (D:8)
  2 black bears (D:9)
  An eye of draining (D:9)
  4 ogres
  A centaur (D:8)
  A crocodile (Lair:2)
  A giant frog (Lair:1)
  A scorpion (D:5)
  6 wights (D:9)
  A giant frog zombie (D:9)
  A crimson imp (D:7)
  A centaur zombie (D:5)
  An orc wizard (D:5)
  4 orc priests (D:5)
  2 centaur skeletons (D:5)
  3 iguanas
  5 worker ants
  6 sheep
  A hound skeleton (D:5)
  21 river rats
  4 adders
  A shadow imp (D:7)
  An ooze (D:7)
  An adder skeleton (D:8)
  A worm (D:2)
  3 giant geckos
  17 orcs
  4 bats
  A giant cockroach (D:3)
  2 kobolds
  2 quokkas
  2 ball pythons
  2 goblins
  7 jackals
  A quokka skeleton (D:4)
  4 rats
  A spectral orc (D:9)
154 creatures vanquished.

Vanquished Creatures (collateral kills)
  A river rat (Lair:5)
1 creature vanquished.

Vanquished Creatures (others)
  A blink frog (Lair:5)
  2 plants (Lair:3)
3 creatures vanquished.

Grand Total: 158 creatures vanquished

Notes
Turn   | Place    | Note
--------------------------------------------------------------
     0 | D:1      | 4thArraOfDagon the Felid Fighter began the quest for the Orb.
     0 | D:1      | Reached XP level 1. HP: 10/10 MP: 2/2
    24 | D:1      | Reached skill level 1 in Stealth
    88 | D:2      | Found a shadowy altar of Dithmenos.
   145 | D:2      | Reached XP level 2. HP: 7/14 MP: 3/3
   153 | D:2      | Became a worshipper of Dithmenos the Shadowed
   443 | D:5      | Entered Level 5 of the Dungeon
   449 | D:5      | Reached XP level 3. HP: 14/17 MP: 4/4
   529 | D:4      | Reached skill level 5 in Stealth
   611 | D:4      | Reached XP level 4. HP: 14/21 MP: 5/5
   638 | D:4      | Reached skill level 6 in Stealth
   772 | D:5      | Noticed a water moccasin
   785 | D:5      | Killed a water moccasin
   785 | D:5      | Reached skill level 7 in Stealth
   785 | D:5      | Reached XP level 5. HP: 20/24 MP: 6/6
   821 | D:5      | Reached skill level 8 in Stealth
   840 | D:5      | Gained mutation: You are covered in thick fur (AC +2). [Felid growth]
   840 | D:5      | Reached XP level 6. HP: 28/28 MP: 7/7
   846 | D:5      | Reached skill level 9 in Stealth
   850 | D:5      | HP: 1/28 [orc/enchanted short sword (3)]
   852 | D:5      | Reached * piety under Dithmenos
   972 | D:5      | Slain by an orc
   973 | D:5      | Reached XP level 5. HP: -1/24 MP: 6/6
  1017 | D:5      | Reached XP level 6. HP: 28/28 MP: 7/7
  1210 | D:6      | Found a staircase to the Ecumenical Temple.
  1254 | D:7      | Noticed a hill giant
  1285 | D:7      | Found a radiant altar of Vehumet.
  1323 | D:7      | Reached skill level 1 in Invocations
  1469 | D:8      | Reached skill level 10 in Stealth
  1489 | D:8      | Reached XP level 7. HP: 23/31 MP: 7/9
  1492 | D:8      | Reached skill level 5 in Dodging
  1492 | D:8      | Reached skill level 5 in Unarmed Combat
  1634 | D:10     | Entered Level 10 of the Dungeon
  1644 | D:10     | Noticed a yak
  1730 | D:9      | Found a basalt altar of Yredelemnul.
  1999 | D:9      | Reached XP level 8. HP: 36/36 MP: 10/10
  2001 | D:9      | Found a staircase to the Lair.
  2029 | D:8      | Reached ** piety under Dithmenos
  2141 | D:8      | Noticed Pikel
  2369 | Lair:1   | Entered Level 1 of the Lair of Beasts
  2374 | Lair:1   | Noticed a four-headed hydra
  2416 | Lair:1   | Noticed a blink frog
  2417 | Lair:1   | Noticed a blink frog
  2418 | Lair:1   | Noticed a blink frog
  2418 | Lair:1   | Noticed a blink frog
  2419 | Lair:1   | Noticed a blink frog
  2421 | Lair:1   | Killed a blink frog
  2421 | Lair:1   | Reached skill level 11 in Stealth
  2456 | Lair:1   | Noticed a spiny frog
  2465 | Lair:1   | Killed a spiny frog
  2465 | Lair:1   | Reached XP level 9. HP: 35/40 MP: 12/12
  2469 | Lair:1   | Identified a scroll of acquirement
  2472 | Lair:1   | meh
  2580 | Lair:1   | Found a labyrinth entrance.
  2589 | Lab      | Entered a labyrinth
  2675 | Lab      | Reached skill level 5 in Fighting
  2822 | Lab      | Noticed a minotaur
  2905 | Lair:1   | Noticed a black mamba
  2914 | Lair:1   | Killed a black mamba
  2964 | Lair:1   | Found a frozen archway.
  3128 | Lair:2   | Noticed a black mamba
  3133 | Lair:2   | Reached skill level 12 in Stealth
  3144 | Lair:2   | Killed a black mamba
  3164 | Lair:2   | Reached *** piety under Dithmenos
  3215 | Lair:2   | Noticed a spiny frog
  3232 | Lair:2   | Killed a spiny frog
  3232 | Lair:2   | Reached XP level 10. HP: 28/44 MP: 14/14
  3256 | Lair:2   | no transmutations
  3256 | Lair:2   | RIP
  3458 | Lair:3   | Reached skill level 13 in Stealth
  3538 | Lair:3   | Noticed cireshan's ghost (journeyman DECj)
  3777 | Lair:3   | Noticed a black mamba
  3788 | Lair:3   | Killed a black mamba
  3928 | Lair:5   | Found a hole to the Spider Nest.
  3970 | Lair:5   | Reached skill level 14 in Stealth
  4001 | Lair:5   | Mangled by a jumping spider
  4002 | Lair:5   | Reached XP level 9. HP: -8/40 MP: 13/13
  4019 | Lair:5   | Noticed a black mamba
  4023 | Lair:5   | Noticed a catoblepas
  4026 | Lair:5   | RIP
  4033 | Lair:5   | Mangled by a catoblepas
  4034 | Lair:5   | Reached XP level 8. HP: -10/37 MP: 12/12
  4057 | Lair:5   | Reached XP level 9. HP: 32/40 MP: 13/13
  4093 | Lair:5   | Killed a catoblepas
  4093 | Lair:5   | Reached skill level 10 in Dodging
  4093 | Lair:5   | Reached skill level 15 in Stealth
  4097 | Lair:5   | Reached **** piety under Dithmenos
  4133 | Lair:5   | Slain by a giant leech

Vault maps used:
D:1:      lightli_arrival_isolated_outpost
D:2:      overflow_temple_1_default, minmay_misc_feat_secret_circle
D:3:      first_bread, lightli_corner_chamber
D:4:      minmay_door_square
D:5:      kennysheep_mini
D:6:      nicolae_overflow_crystal_walls, kennysheep_mini_moat,
          minmay_temple_entry_crystal_x, serial_shops, shop
D:7:      minmay_opposing_rooms, vehumet_crystals, overflow_temple_1_default,
          overflow_temple_1_default, serial_shops, nicolae_shop_stone,
          kb_lookout_dungeons_type
D:8:      uniq_pikel
D:9:      yredelemnul_forgotten_temple_becter, lair_0_dummy
D:10:     kennysheep_ambush_hall, zombieorc2_lemuel, hangedman_fish_farm
Lair:1:   lab_entry_generic, portal_ice_cave_entry_imps, st_stairs_12,
          fungi_pond_lemuel
Lair:3:   kennysheep_rathole, special_room, lemuel_fruit_fields,
          serial_bayou_shore_a
Lair:5:   minmay_swamp_entry_worms, nicolae_spider_entry_tight_spaces,
          basic_altar
Lab:      labyrinth_watery, labyrinth_skeletal_remains, nicolae_lab_dead_end,
          nicolae_lab_grate, nicolae_lab_statue, labyrinth_lava_lair

Action                   |  1- 3 |  4- 6 |  7- 9 | 10-12 || total
-------------------------+-------+-------+-------+-------++-------
Melee: Unarmed           |    70 |   115 |   195 |    67 ||   447
Evoke: Wand              |       |     6 |     7 |    11 ||    24
  Use: Potion            |     2 |     2 |     6 |       ||    10
       Scroll            |     1 |       |    10 |     2 ||    13
 Stab: Sleeping          |     6 |     9 |    40 |     7 ||    62
       Distracted        |       |       |     1 |       ||     1
       Petrifying        |       |       |     1 |       ||     1
       Confused          |       |       |       |     2 ||     2
  Eat: Chunk             |     4 |     9 |     2 |     2 ||    17
